 Dungeon Crawl Stone Soup version 0.23.1-41-g7e51ed3 (webtiles) character file.

Game seed: 776949031530138022

370 Fang the Skirmisher (level 6, 0/40 HPs)
             Began as a Gargoyle Berserker on Mar 29, 2019.
             Was a Believer of Trog.
             Slain by Grinder (3 damage)
             ... on level 3 of the Dungeon.
             The game lasted 00:02:00 (2601 turns).

Fang the Skirmisher (Gargoyle Berserker)            Turns: 2601, Time: 00:02:00

Health: 0/40       AC:  6    Str: 22    XL:     6   Next: 70%
Magic:  6/6        EV: 13    Int:  8    God:    Trog [**....]
Gold:   109        SH:  0    Dex:  9    Spells: 5/5 levels left

rFire    . . .     SeeInvis .   a - +0 hand axe
rCold    . . .     Gourm    .   (no shield)
rNeg     + . .     Faith    .   b - +0 animal skin
rPois    ∞         Spirit   .   (no helmet)
rElec    +         Reflect  .   (no cloak)
rCorr    .         Harm     .   (no gloves)
MR       ++...                  (no boots)
Stlth    +.........             (no amulet)
HPRegen  1.13/turn              (no ring)
MPRegen  0.10/turn              (no ring)

@: berserk cooldown, regenerating, slowed, very slow
A: negative energy resistance 1, electricity resistance, unbreathing,
petrification resistance, rot immunity, AC +4
a: Berserk, Trog's Hand, Renounce Religion


You were on level 3 of the Dungeon.
You worshipped Trog.
Trog was pleased with you.
You were near starving.

You visited 1 branch of the dungeon, and saw 4 of its levels.

You collected 109 gold pieces.

Inventory:

Hand Weapons
 a - a +0 hand axe (weapon)
Armour
 b - a +0 animal skin (worn)
Jewellery
 l - an uncursed ring of protection from magic {unknown}
Scrolls
 e - a scroll of immolation {unknown}
 g - a scroll of amnesia {unknown}
 j - a scroll of fear {unknown}
 k - 3 scrolls of teleportation {unknown}
 n - a scroll of identify {unknown}
 o - a scroll of random uselessness {unknown}
 r - a scroll of remove curse {unknown}
Potions
 d - 2 potions of curing {unknown}
 f - 2 potions of haste {unknown}
 h - 2 potions of agility {unknown}
 m - a potion of degeneration {unknown}
 p - a potion of heal wounds {unknown}
 q - a potion of ambrosia {unknown}
 s - a potion of magic {unknown}
Comestibles
 c - 5 rations


   Skills:
 + Level 4.8 Fighting
 + Level 4.1 Axes
 + Level 4.2 Armour
 + Level 3.1 Dodging


You had 5 spell levels left.
You didn't know any spells.
Your spell library was empty.

Dungeon Overview and Level Annotations

Branches:
Dungeon (4/15)
 Temple: D:4-7

Altars:
Nemelex Xobeh
Ru
Trog
Uskayaw

Annotations:
D:3 Grinder


Innate Abilities, Weirdness & Mutations

You are resistant to torment.
Your stone body is resilient. (AC +4)
You are immune to poison.
You resist negative energy. (rN+)
You are resistant to electric shocks. (rElec)
You can survive without breathing.
You are immune to petrification.
You are immune to rotting.


Message History

You hit Grinder.
Grinder is moderately wounded.
Grinder gestures at you.
You suddenly lose the ability to move!
Grinder gestures at you. Pain shoots through your body!
* * * LOW HITPOINT WARNING * * *
Grinder blinks! x2
You can move again.
You feel a strong urge to attack something.
You are no longer berserk.
You are exhausted.
You feel yourself slow down.
Your skin crawls.
You feel resistant to hostile enchantments.
You are near starving!
Grinder hits you.
* * * LOW HITPOINT WARNING * * *
You writhe in agony.
You die...

.#.......#..##..# .#
.#.......#..##..# .# #
# .##.....##......##
.#.#.# . #.##
#.......##.#.#.# .
.......##...........##
#
...#####....##.#.....
.. #......)>....... .
####...?.(†.#####
.......@5........
.###...†....###..
#........# #........#
#..........
#....(.......
.....###......# ......
......# .....# ......#


You could see Grinder.

Vanquished Creatures
  Sigmund (D:3)
  A howler monkey (D:3)
  2 orc wizards (D:3)
  3 gnolls (D:3)
  2 adders
  An ooze (D:2)
  A dart slug (D:1)
  2 leopard geckos
  2 orcs (D:3)
  6 bats
  4 giant cockroaches
  6 goblins
  12 hobgoblins
  11 jackals
  2 ball pythons
  4 frilled lizards
  6 kobolds
  4 rats
70 creatures vanquished.

Vanquished Creatures (others)
  6 plants (D:3)
6 creatures vanquished.

Grand Total: 76 creatures vanquished

Notes
Turn   | Place    | Note
-------+----------+-------------------------------------------
     0 | D:1      | Fang the Gargoyle Berserker began the quest for the Orb.
     0 | D:1      | Reached XP level 1. HP: 14/14 MP: 1/1
   139 | D:1      | Reached XP level 2. HP: 9/19 MP: 2/2
   607 | D:1      | Reached XP level 3. HP: 12/23 MP: 3/3
  1355 | D:2      | Found a sacrificial altar of Ru.
  1468 | D:2      | Found a bloodstained altar of Trog.
  1556 | D:2      | Found a hide-covered altar of Uskayaw.
  1709 | D:2      | Reached ** piety under Trog
  1759 | D:2      | Reached XP level 4. HP: 28/29 MP: 4/4
  2074 | D:3      | Noticed Sigmund
  2083 | D:3      | Killed Sigmund
  2083 | D:3      | Reached XP level 5. HP: 26/34 MP: 5/5
  2083 | D:3      | Reached XP level 6. HP: 29/39 MP: 6/6
  2539 | D:3      | Found a sparkling altar of Nemelex Xobeh.
  2564 | D:3      | Noticed Grinder
  2575 | D:3      | Paralysed by Grinder for 5 turns
  2593 | D:3      | Paralysed by Grinder for 5 turns
  2601 | D:3      | Slain by Grinder

Skill      XL: |  1  2  3  4  5  6 |
---------------+-------------------+-----
Axes           | 3 4 |  4.1
Dodging        | 2 3 |  3.1
Armour         | 3 4 |  4.2
Fighting       | 4 |  4.8

Action                   |  1- 3 |  4- 6 || total
-------------------------+-------+-------++-------
Melee: Hand axe          |   133 |    86 ||   219
Invok: Berserk           |       |     2 ||     2
       Trog's Hand       |       |     1 ||     1
 Stab: Sleeping          |     1 |       ||     1
  Eat: Chunk             |     3 |     3 ||     6
Armor: Animal skin       |    59 |    35 ||    94
Dodge: Dodged            |   100 |    55 ||   155
